 Dungeon Crawl Stone Soup version 0.21.1 (webtiles) character file.

214 Monsterracer the Ruffian (level 5, 0/40 HPs)
             Began as a Draconian Arcane Marksman on Feb 2, 2018.
             Killed by divine providence
             ... invoked by an orc priest
              (11 damage)
             ... on level 4 of the Dungeon.
             The game lasted 00:05:09 (3789 turns).

Monsterracer the Ruffian (DrAM)                     Turns: 3789, Time: 00:05:10

Health: 0/40       AC:  5    Str: 13    XL:     5   Next: 60%
Magic:  6/6        EV: 12    Int: 14    God:
Gold:   161        SH:  0    Dex: 11    Spells: 2/6 levels left

rFire    . . .     SeeInvis .     - Unarmed
rCold    . . .     Gourm    .   (no shield)
rNeg     . . .     Faith    .   (armour unavailable)
rPois    .         Spirit   .   (helmet restricted)
rElec    .         Reflect  .   (no cloak)
rCorr    .         Harm     .   (no gloves)
MR       .....                  (no boots)
Stlth    +.........             (no amulet)
HPRegen  0.13/turn              (no ring)
MPRegen  0.10/turn              (no ring)

@: no status effects
A: unfitting armour, cold-blooded, AC +5
a: no special abilities


You were on level 4 of the Dungeon.
You were not hungry.

You visited 1 branch of the dungeon, and saw 4 of its levels.

You collected 161 gold pieces.

Inventory:

Missiles
 d - 2 throwing nets (quivered) {!f}
Wands
 f - a wand of digging (7)
Potions
 e - a potion of invisibility {unknown}
 j - a potion of curing
 k - a potion of lignification
 l - a potion of magic
 n - a potion of agility
 o - a potion of haste
Books
 a - a book of Debilitation

   Spells                             Type                      Level
   a - Corona                         Hexes                        1
   b - Slow                           Hexes                        2
   c - Inner Flame                    Hexes/Fire                   3
   d - Portal Projectile              Hexes/Translocation          3
   e - Cause Fear                     Hexes                        4
   f - Leda's Liquefaction            Hexes/Earth                  4
Comestibles
 c - 8 rations
 g - 3 chunks of flesh


   Skills:
 - Level 1.1 Fighting
 + Level 2.8 Throwing
 - Level 1.7 Dodging
 * Level 4.8 Unarmed Combat
 - Level 1.0 Spellcasting
 - Level 2.6 Hexes


You had 2 spell levels left.
You knew the following spells:

 Your Spells              Type           Power        Failure   Level  Hunger
a - Corona                Hex            #......      9%          1    ##.....
c - Portal Projectile     Hex/Tloc       #.....       41%         3    ####...


Dungeon Overview and Level Annotations

Branches:
Dungeon (4/15)
 Temple: D:4-7

Altars:


Innate Abilities, Weirdness & Mutations

Your plain brown scales are hard. (AC +5)
You cannot fit into any form of body armour.
You are cold-blooded and may be slowed by cold attacks.


Message History

The howler monkey hoots and howls with incredible vigour!
You hear a shout! x4
Throwing (i - inventory. (,) - cycle):
b - 5 javelins (quivered)
Press: ? - help, Shift-Dir - straight line, f - howler monkey
Aim: a howler monkey (catching its breath)
You throw a javelin. The javelin hits the howler monkey!
The howler monkey is severely wounded.
The howler monkey hits you.
You take 6 damage, and have 34/40 hp.
You barely miss the howler monkey.
The howler monkey is severely wounded.
The adder skeleton barely misses you. The howler monkey misses you.
You barely miss the howler monkey.
The howler monkey is severely wounded.
The howler monkey barely misses you. The adder skeleton bites you.
You take 1 damage, and have 33/40 hp.
You closely miss the howler monkey.
The howler monkey is severely wounded.
The howler monkey hits you but does no damage.
The adder skeleton closely misses you.
You barely miss the howler monkey.
The howler monkey is severely wounded.
The howler monkey misses you. The adder skeleton misses you.
You closely miss the howler monkey.
The howler monkey is severely wounded.
The howler monkey hits you. The adder skeleton bites you.
You take 2 damage, and have 32/40 hp.
You hit the howler monkey.
The howler monkey is almost dead.
The howler monkey misses you.
The adder skeleton bites you but does no damage.
The howler monkey closely misses you.
You punch the howler monkey!
You kill the howler monkey!
The adder skeleton closely misses you.
The adder skeleton bites you but does no damage.
You see here a howler monkey corpse.
You hit the adder skeleton.
The adder skeleton is lightly damaged.
The adder skeleton closely misses you.
You hit the adder skeleton.
The adder skeleton is moderately damaged.
The adder skeleton bites you but does no damage.
You hit the adder skeleton.
The adder skeleton is severely damaged.
The adder skeleton closely misses you.
You barely miss the adder skeleton.
The adder skeleton is severely damaged.
The adder skeleton closely misses you.
You hit the adder skeleton.
The adder skeleton is severely damaged.
The adder skeleton barely misses you.
You hit the adder skeleton.
You destroy the adder skeleton!
You see here a howler monkey corpse.
You butcher the howler monkey corpse.
g - 3 chunks of flesh You start resting.
Your magical contamination has completely faded away.
You regained 2 hp, and now have 35/40 hp.
An orc priest comes into view. It is wielding a club.
An orc priest is nearby!
Throwing (i - inventory. (,) - cycle):
b - 4 javelins (quivered)
Press: ? - help, Shift-Dir - straight line, f - orc priest
Aim: an orc priest, wielding a club and wearing a leather armour (hasn't noticed you)
You throw a javelin. The orc priest shouts!
The javelin hits the orc priest.
The orc priest is moderately wounded.
Throwing (i - inventory. (,) - cycle):
b - 3 javelins (quivered)
Press: ? - help, Shift-Dir - straight line, f/p - orc priest
Aim: an orc priest, wielding a club and wearing a leather armour (moderately wounded)
You throw a javelin. The javelin hits the orc priest.
The orc priest is heavily wounded.
The orc priest invokes the aid of Beogh against you.
Beogh smites you!
* * * LOW HITPOINT WARNING * * *
You take 15 damage, and have 20/40 hp.
MASSIVE DAMAGE!!
Throwing (i - inventory. (,) - cycle):
b - 2 javelins (quivered)
Press: ? - help, Shift-Dir - straight line, f/p - orc priest
Aim: an orc priest, wielding a club and wearing a leather armour (heavily wounded)
You throw a javelin.
The javelin barely misses the orc priest.
You hear a shout!
Throwing (i - inventory. (,) - cycle):
b - a javelin (quivered)
Press: ? - help, Shift-Dir - straight line, f/p - orc priest
Aim: an orc priest, wielding a club and wearing a leather armour (heavily wounded)
You throw a javelin. The javelin hits the orc priest!
The orc priest is almost dead.
The orc priest miscasts a cantrip.
You hear the slow rusting of a very distant drain.
The orc shouts!
The orc priest invokes the aid of Beogh against you.
Pain shoots through your body!
* * * LOW HITPOINT WARNING * * *
An orc comes into view.
You take 9 damage, and have 11/40 hp.
MASSIVE DAMAGE!!
The orc priest calls down the wrath of Beogh upon you.
Beogh smites you!
You die...

# .# .
...#.
#o.o.##
#..o.###
#.....###
#.@...##
##.....##
###....#
###.##
###


You could see an orc priest and 2 orcs.

Vanquished Creatures
  A howler monkey (D:4)
  An orc priest (D:3)
  5 adders
  An adder skeleton (D:4)
  2 worms
  5 dart slugs
  3 leopard geckos
  5 orcs (D:3)
  A ball python (D:3)
  6 bats
  4 giant cockroaches
  A goblin (D:1)
  12 hobgoblins
  5 jackals
  5 kobolds
  2 quokkas (D:2)
  5 frilled lizards
  9 rats
73 creatures vanquished.

Notes
Turn   | Place    | Note
-------+----------+-------------------------------------------
     0 | D:1      | Monsterracer the Draconian Arcane Marksman began the quest for the Orb.
     0 | D:1      | Reached XP level 1. HP: 16/16 MP: 2/2
    28 | D:1      | HP: 6/16 [dart slug/slug dart (5)]
    32 | D:1      | Reached skill level 1 in Unarmed Combat
   258 | D:1      | HP: 8/16 [bat (1)]
   263 | D:1      | HP: 6/16 [bat (1)]
   266 | D:1      | Reached XP level 2. HP: 8/23 MP: 3/3
   648 | D:1      | Reached skill level 2 in Unarmed Combat
  1247 | D:2      | HP: 10/23 [leopard gecko (4)]
  1250 | D:2      | Reached XP level 3. HP: 6/28 MP: 4/4
  1522 | D:2      | Reached skill level 3 in Unarmed Combat
  1944 | D:2      | Reached XP level 4. HP: 35/35 MP: 5/5
  1960 | D:2      | Learned a level 3 spell: Portal Projectile
  2616 | D:3      | Reached skill level 4 in Unarmed Combat
  2620 | D:3      | HP: 13/35 [adder (5)]
  2628 | D:3      | HP: 11/35 [poisoned by an adder]
  2636 | D:3      | HP: 10/35 [poisoned by an adder]
  2971 | D:3      | HP: 17/35 [orc/dagger of holy wrath (1)]
  2976 | D:3      | HP: 10/35 [orc (3)]
  2977 | D:3      | Reached XP level 5. HP: 8/40 MP: 6/6
  3785 | D:4      | HP: 20/40 [orc priest/divine providence (16)]
  3789 | D:4      | Killed from afar by an orc priest

Skill      XL: |  1  2  3  4 |
---------------+-------------+-----
Unarmed Combat | 1 2 3 4 |  4.8
Throwing       | 2 |  2.8
Fighting       | |  1.1
Dodging        | |  1.7
Spellcasting   | |  1.0
Hexes          | |  2.6

Action                   |  1- 3 |  4- 6 || total
-------------------------+-------+-------++-------
Melee: Unarmed           |   151 |   152 ||   303
       Tailslap          |    11 |    13 ||    24
       Punch             |     3 |     2 ||     5
Throw: Javelin           |    13 |    19 ||    32
       Throwing net      |       |     1 ||     1
  Use: Scroll            |       |     9 ||     9
 Stab: Sleeping          |     1 |     1 ||     2
  Eat: Chunk             |     3 |     6 ||     9
Armor: Skin              |    71 |    36 ||   107
Dodge: Dodged            |   129 |    99 ||   228

Vault maps used:
D:1:      mrwooster_arrival_statue
D:2:      first_ration, minmay_misc_feat_tiny
D:3:      minivault_4, kennysheep_generic_room_8
D:4:      minmay_temple_entry_statues_fountains, gup_sewer_entry_spiral,
          minmay_bisected
